 Dungeon Crawl Stone Soup version 0.19-a0-1268-g6c5d9f8 (webtiles) character file.

973 Amnesiac the Firebug (level 7, -2/36 HPs)
             Began as a Deep Elf Wizard on Aug 29, 2016.
             Was a Follower of Vehumet.
             Killed by the air
             ... invoked by Gastronok
              (28 damage)
             ... on level 8 of the Dungeon.
             The game lasted 00:08:49 (3710 turns).

Amnesiac the Firebug (Deep Elf Wizard)              Turns: 3710, Time: 00:08:50

Health: -2/36      AC:  4    Str:  4    XL:     7   Next: 94%
Magic:  0/18       EV: 13    Int: 32    God:    Vehumet [*.....]
Gold:   165        SH:  0    Dex: 13    Spells: 6 memorised, 7 levels left

rFire  . . .     SeeInvis .     l - +0 dagger "Transmigrator" {venom, Int+2}
rCold  . . .     Gourm    .     a - +0 robe
rNeg   . . .     Faith    .     (no shield)
rPois  .         Spirit   .     m - +1 helmet
rElec  .         Dismiss  .     (no cloak)
rCorr  .         Reflect  .     (no gloves)
MR     .....     Harm     .     (no boots)
Stlth  ++........               (no amulet)
                                (no ring)
                                (no ring)

@: brilliant
A: no striking features
a: Renounce Religion


You were on level 8 of the Dungeon.
You worshipped Vehumet.
Vehumet was aware of your devotion.
You were near starving.

You visited 2 branches of the dungeon, and saw 9 of its levels.

You collected 165 gold pieces.

Inventory:

Hand Weapons
 l - the +0 dagger "Transmigrator" (weapon) {venom, Int+2}
   (You took it off a hobgoblin on level 4 of the Dungeon)

   It poisons the flesh of those it strikes.
   It affects your intelligence (+2).
Armour
 a - a +0 robe (worn)
 i - the +3 ring mail of Weyruov {Int+2, unknown}
   (You found it on level 5 of the Dungeon)

   It affects your intelligence (+2).
 j - a +0 buckler
 m - a +1 helmet (worn)
Scrolls
 b - a scroll of recharging {unknown}
 g - a scroll of magic mapping
 h - a scroll of enchant armour
 n - 2 scrolls of remove curse
 o - a scroll of fear {unknown}
 q - a scroll of identify {unknown}
Potions
 p - a potion of curing
Books
 c - a book of Minor Magic

   Spells                             Type                      Level
   a - Magic Dart                     Conjuration                  1
   b - Blink                          Translocation                2
   c - Call Imp                       Summoning                    2
   d - Repel Missiles                 Charms/Air                   2
   e - Slow                           Hexes                        2
   f - Conjure Flame                  Conjuration/Fire             3
   g - Mephitic Cloud                 Conjuration/Poison/Air       3
 e - a book of Flames

   Spells                             Type                      Level
   a - Flame Tongue                   Conjuration/Fire             1
   b - Throw Flame                    Conjuration/Fire             2
   c - Conjure Flame                  Conjuration/Fire             3
   d - Inner Flame                    Hexes/Fire                   3
   e - Sticky Flame                   Conjuration/Fire             4
   f - Fireball                       Conjuration/Fire             5
 r - a Necronomicon

   Spells                             Type                      Level
   a - Haunt                          Necromancy/Summoning         7
   b - Borgnjor's Revivification      Necromancy                   8
   c - Death's Door                   Charms/Necromancy            8
   d - Infestation                    Necromancy                   8
   e - Necromutation                  Transmutation/Necromancy     8
Comestibles
 d - a bread ration
 f - 31 fruits
 k - a meat ration


   Skills:
 - Level 2.4 Dodging
 - Level 2.4 Stealth
 - Level 6.5 Spellcasting
 + Level 6.0 Conjurations
   Level 1.1 Summonings
 - Level 1.1 Translocations
 - Level 6.7 Fire Magic


You had 7 spell levels left.
You knew the following spells:

 Your Spells              Type           Power        Failure   Level  Hunger
a - Repel Missiles        Chrm/Air       ####..       1%          2    None
b - Blink                 Tloc           N/A          1%          2    None
e - Mephitic Cloud        Conj/Pois/Air  #####...     1%          3    None
f - Flame Tongue          Conj/Fire      #####        1%          1    None
s - Conjure Flame         Conj/Fire      ######..     1%          3    None
z - Magic Dart            Conj           ####         1%          1    None


Dungeon Overview and Level Annotations

Branches:
Dungeon (8/15)             Temple (1/1) D:7
   Lair: D:8-11

Altars:
Ashenzari
Cheibriados
Kikubaaqudgha
Okawaru
Ru
Uskayaw
Vehumet
Xom
The Shining One

Annotations:
D:8 Gastronok


Message History

Gastronok's eyestalks quiver as he mumbles some strange words.
You feel a sudden, passing aversion to salt.
A kobold comes into view.
Unknown command.
Casting: Flame Tongue
Confirm with . or Enter, or press ? or * to list all spells.
You don't have enough magic to cast that spell.
The kobold throws a stone.
The stone closely misses you.
Unknown command.
A black bear comes into view.
The kobold throws a stone.
The stone hits you but does no damage.
You see here a stone.
Casting: Flame Tongue
Confirm with . or Enter, or press ? or * to list all spells.
Okay, then.
Okay, then.
Gastronok waves his eye-stalks in wide circles.
The air twists around and strikes you!
Ouch! That really hurt!
You die...

.## # ....
.##.########...#
.w).†...((.....##
.##.##§K..(......
# #w#.#####.##
..##.##§#h##
..K(....(..####.#
..##...@(.......#
####.#..######
#.#..# #.#..##
#.....###
....#'''#..#
##.##...##.# #
#≈.≈##.# #≈.≈##.#


You could see Gastronok, a black bear, a big kobold and a kobold.

Vanquished Creatures
  Edmund (D:5)
  An orc warrior (D:7)
  A necrophage (D:8)
  An ogre (D:4)
  A centaur (D:7)
  A big kobold (D:8)
  A scorpion (D:4)
  A crimson imp (D:7)
  A hound (D:4)
  2 orc wizards (D:7)
  2 iguanas (D:7)
  4 worker ants
  Robin (D:4)
  A howler monkey skeleton (D:7)
  3 adders
  2 gnolls (D:7)
  An adder zombie (D:7)
  A worm (D:6)
  A dart slug (D:4)
  A giant gecko (D:4)
  13 orcs
  8 goblins
  5 hobgoblins
  4 kobolds
  3 quokkas
  A bat (D:3)
  A giant gecko zombie (D:5)
  A jackal skeleton (D:7)
  A rat (D:3)
65 creatures vanquished.

Notes
Turn   | Place    | Note
-------+----------+-------------------------------------------
     0 | D:1      | Amnesiac the Deep Elf Wizard began the quest for the Orb.
     0 | D:1      | Reached XP level 1. HP: 10/10 MP: 7/7
   255 | D:4      | Noticed an ogre
   343 | D:3      | Learned a level 1 spell: Flame Tongue
   462 | D:4      | Noticed a worker ant
   468 | D:3      | Killed a worker ant
   468 | D:3      | Reached XP level 2. HP: 9/15 MP: 3/9
   468 | D:3      | Reached XP level 3. HP: 11/19 MP: 3/11
   885 | D:4      | Learned a level 2 spell: Repel Missiles
   888 | D:4      | Learned a level 2 spell: Blink
   892 | D:4      | Learned a level 3 spell: Mephitic Cloud
   901 | D:4      | Reached skill level 5 in Spellcasting
   906 | D:4      | Learned a level 3 spell: Conjure Flame
   928 | D:4      | Reached XP level 4. HP: 19/24 MP: 7/13
  1173 | D:4      | Found a snail-covered altar of Cheibriados.
  1182 | D:4      | Reached XP level 5. HP: 28/28 MP: 3/14
  1366 | D:4      | Noticed Robin
  1370 | D:4      | Killed Robin
  1371 | D:4      | Got a jewelled dagger {venom}
  1372 | D:4      | Identified the cursed +0 dagger "Transmigrator" {venom, Int+2} (You took it off a hobgoblin on level 4 of the Dungeon)
  1469 | D:4      | Killed an ogre
  1686 | D:4      | Reached XP level 6. HP: 32/32 MP: 12/15
  1907 | D:5      | Entered Level 5 of the Dungeon
  1948 | D:5      | Noticed Edmund
  1968 | D:5      | Killed Edmund
  1968 | D:5      | Reached skill level 5 in Conjurations
  2135 | D:5      | Got a distressingly furry ring mail
  2209 | D:6      | Found a radiant altar of Vehumet.
  2217 | D:6      | Became a worshipper of Vehumet
  2298 | D:7      | Reached skill level 5 in Fire Magic
  2630 | D:7      | Noticed an orc warrior
  2728 | D:7      | Killed an orc warrior
  2728 | D:7      | Reached XP level 7. HP: 19/36 MP: 1/17
  2850 | D:7      | Found a staircase to the Ecumenical Temple.
  2901 | Temple   | Entered the Ecumenical Temple
  3088 | D:7      | Reached * piety under Vehumet
  3088 | D:7      | Offered knowledge of Sandblast by Vehumet.
  3664 | D:8      | Noticed a hippogriff
  3680 | D:8      | Noticed Gastronok
  3710 | D:8      | Killed from afar by Gastronok

Vault maps used:
D:1:      dpeg_arrival_rooms_c, bh_walls_and_bars
D:2:      minmay_door_path, lemuel_doored_altar, first_bread,
          kennysheep_jessica_study
D:3:      ecumenical_altar_1, kennysheep_generic_room_6
D:4:      kennysheep_slug_shrine, uniq_robin
D:5:      st_stairs_7, grunt_decor_mini_mirrors, uniq_pikel, uniq_edmund
D:6:      vehumet_crystals, tgw_xom, uniq_eustachio
D:7:      enter_bailey_7
D:8:      blue_anna_alchemist, kennysheep_cross_bottleneck, uniq_gastronok
Temple:   eino_temple_rhombus

Skill      XL: |  1  2  3  4  5  6  7 |
---------------+----------------------+-----
Conjurations   | 2 3 5 6 |  6.0
Spellcasting   | 5 6 |  6.5
Fire Magic     | 3 4 5 6 |  6.7
Dodging        | |  2.4
Stealth        | |  2.4
Summonings     | |  1.1
Translocations | |  1.1

Action                   |  1- 3 |  4- 6 |  7- 9 || total
-------------------------+-------+-------+-------++-------
Melee: Dire flail        |       |     7 |    27 ||    34
       Dagger            |       |     1 |     2 ||     3
 Cast: Magic Dart        |    17 |       |     7 ||    24
       Flame Tongue      |    22 |    99 |    50 ||   171
       Conjure Flame     |       |     5 |     5 ||    10
       Blink             |       |     1 |       ||     1
       Mephitic Cloud    |       |     2 |     2 ||     4
       Repel Missiles    |       |       |     1 ||     1
  Use: Scroll            |       |     3 |     2 ||     5
       Potion            |       |     1 |     1 ||     2
 Stab: Sleeping          |       |       |     1 ||     1
  Eat: Chunk             |       |     5 |     2 ||     7
Armor: Robe              |     1 |     9 |    12 ||    22
Dodge: Dodged            |    18 |    12 |    33 ||    63
       Deflected         |       |       |     1 ||     1
